 Dungeon Crawl Stone Soup version 0.25-a0-251-g572059c536 (webtiles) character file.

Game seed: 4230352610267799744, levelgen mode: classic

538574 Borgoz the Impregnable (level 25, -10/171 HPs)
             Began as a Gargoyle Fighter on Dec 4, 2019.
             Was the Champion of Ashenzari.
             Killed by divine providence
             ... invoked by a greater mummy
              (12 damage)
             ... on level 2 of the Tomb of the Ancients on Dec 5, 2019.
             The game lasted 03:40:13 (63369 turns).

Borgoz the Impregnable (Gargoyle Fighter)          Turns: 63369, Time: 03:40:13

Health: -10/171    AC: 72    Str: 41    XL:     25   Next: 90%
Magic:  30/30      EV: 23    Int:  5    God:    Ashenzari [******]
Gold:   3457       SH: 17    Dex: 30    Spells: 30/34 levels left

rFire    + . .     SeeInvis +   a - +4 long sword "Zatsulag" {venom, rPois rC+++ MR+ Dex+3}
rCold    + + +     Gourm    .   e - +2 shield
rNeg     + + .     Faith    .   O - +8 gold dragon scales (curse)
rPois    ∞         Spirit   .   I - +2 helmet of Alaluall {rN+ Int-4 Dex+8 SInv}
rElec    +         Reflect  .   (no cloak)
rCorr    .         Harm     .   s - +3 pair of gauntlets of War {Slay+5} (curse)
MR       +++++     Clarity  +   v - +2 pair of boots {Fly} (curse)
Stlth    ..........             D - amulet "Kaemiom" {+Rage rPois MR+ Str+9 Slay+2} (curse)
HPRegen  0.38/turn              l - ring "Moozink" {MR+++ AC+6 Str-3 SInv Stlth+}
MPRegen  0.22/turn              F - ring of Brilliance {rPois Str+9 Int-2 Dex+6}

@: flying
A: big wings, negative energy resistance 1, electricity resistance, unbreathing,
petrification resistance, rot immunity, AC +19
}: 3/15 runes: decaying, serpentine, silver
a: Stop Flying, Curse Item, Scrying, Transfer Knowledge, Renounce Religion,
Evoke Berserk Rage


You were on level 2 of the Tomb of the Ancients.
You worshipped Ashenzari.
Ashenzari was exalted by your worship.
You were not hungry.

You visited 10 branches of the dungeon, and saw 45 of its levels.
You also visited: Ossuary and Volcano.

You collected 8649 gold pieces.
You spent 5192 gold pieces at shops.

Inventory:

Hand Weapons
 a - the +4 long sword "Zatsulag" (weapon) {venom, rPois rC+++ MR+ Dex+3}
   (You found it on level 2 of the Lair of Beasts)

   It poisons the flesh of those it strikes.
   It affects your dexterity (+3).
   It renders you almost immune to cold.
   It protects you from poison.
   It affects your resistance to hostile enchantments.
 b - a +3 great sword of flaming
Missiles
 X - 2 throwing nets (quivered)
Armour
 e - a +2 shield (worn)
 s - the cursed +3 pair of gauntlets of War (worn) {Slay+5}
   (You found it on level 2 of the Lair of Beasts)

   It affects your accuracy and damage with ranged weapons and melee attacks
   (+5).
   It has a curse placed upon it.
 v - a cursed +2 pair of boots of flying (worn)
 I - the +2 helmet of Alaluall (worn) {rN+ Int-4 Dex+8 SInv}
   (You found it on level 3 of the Swamp)

   It affects your intelligence (-4).
   It affects your dexterity (+8).
   It protects you from negative energy.
   It lets you see invisible.
 O - cursed +8 gold dragon scales (worn)
Jewellery
 c - an uncursed ring of protection from cold
 d - an uncursed ring of protection from fire
 l - the ring "Moozink" (left hand) {MR+++ AC+6 Str-3 SInv Stlth+}
   (You took it off a tengu reaver on level 4 of the Vaults)

   [ring of protection]

   It affects your AC (+6).
   It affects your strength (-3).
   It affects your resistance to hostile enchantments.
   It lets you see invisible.
   It makes you more stealthy.
 D - the cursed amulet "Kaemiom" (around neck) {+Rage rPois MR+ Str+9 Slay+2}
   (You bought it in a shop on level 1 of the Snake Pit)

   [amulet of rage]

   It affects your strength (+9).
   It affects your accuracy and damage with ranged weapons and melee attacks
   (+2).
   It protects you from poison.
   It affects your resistance to hostile enchantments.
   It lets you go berserk.
   It has a curse placed upon it.
 E - an uncursed ring of ice
 F - the ring of Brilliance (right hand) {rPois Str+9 Int-2 Dex+6}
   (You found it on level 9 of the Dungeon)

   [ring of dexterity]

   It affects your strength (+9).
   It affects your intelligence (-2).
   It affects your dexterity (+6).
   It protects you from poison.
 K - an uncursed ring of fire
 S - an uncursed ring of resist corrosion
Wands
 g - a wand of disintegration (68)
 i - a wand of iceblast (5)
 n - a wand of clouds (4)
 w - a wand of scattershot (2)
 x - a wand of acid (25)
 z - a wand of digging (1)
 T - a wand of paralysis (14)
Scrolls
 k - 12 scrolls of teleportation
 m - 5 scrolls of remove curse
 p - 25 scrolls of identify
 y - 2 scrolls of fear
 H - 8 scrolls of blinking
 J - 3 scrolls of summoning
 L - 13 scrolls of magic mapping
 Y - 2 scrolls of fog
Potions
 h - a potion of ambrosia
 j - 10 potions of heal wounds
 o - 5 potions of cancellation
 q - 2 potions of agility
 r - 17 potions of curing
 A - 3 potions of resistance
 Q - a potion of invisibility
 U - 7 potions of haste
 W - 5 potions of might
Comestibles
 f - 61 rations


   Skills:
 * Level 21.3 Fighting
 * Level 20.6 Long Blades
 * Level 21.3(24.7) Armour
 * Level 17.1 Dodging
 - Level 5.0 Stealth
 + Level 7.2 Shields
 - Level 5.0 Spellcasting
 - Level 10.0 Hexes
 + Level 9.1 Evocations


You had 30 spell levels left.
You knew the following spells:

 Your Spells              Type           Power        Failure   Level  Hunger
a - Confusing Touch       Hex            ##....       6%          1    ##.....
b - Confuse               Hex            ##......     17%         3    ####...

Your spell library contained the following spells:

 Spells                   Type           Power        Failure   Level  Hunger
 Corona                   Hex            ##.....      6%          1    ##.....
 Slow                     Hex            ##......     9%          2    ###....
 Tukima's Dance           Hex            ##......     17%         3    ####...
 Cause Fear               Hex            ##........   50%         4    #####..
 Ensorcelled Hibernation  Hex/Ice        #.....       56%         2    ###....
 Dazzling Flash           Conj/Hex       #.....       80%         3    ####...
 Spectral Weapon          Hex/Chrm       #.......     80%         3    ####...
 Summon Guardian Golem    Hex/Summ       #.......     80%         3    ####...
 Animate Skeleton         Necr           N/A          98%         1    ##.....
 Apportation              Tloc           #.....       98%         1    ##.....
 Freeze                   Ice            #...         98%         1    ##.....
 Infusion                 Chrm           #...         98%         1    ##.....
 Magic Dart               Conj           #...         98%         1    ##.....
 Pain                     Necr           #...         98%         1    ##.....
 Shock                    Conj/Air       #...         98%         1    ##.....
 Sting                    Tmut/Pois      #...         98%         1    ##.....
 Summon Small Mammal      Summ           #...         98%         1    ##.....
 Blink                    Tloc           N/A          99%         2    ###....
 Call Imp                 Summ           #.......     99%         2    ###....
 Corpse Rot               Necr/Air       N/A          99%         2    ###....
 Poisonous Vapours        Pois/Air       #.....       99%         2    ###....
 Searing Ray              Conj           #.....       99%         2    ###....
 Shroud of Golubria       Chrm/Tloc      #.....       99%         2    ###....
 Song of Slaying          Chrm           #.......     99%         2    ###....
 Sticks to Snakes         Tmut           #.......     99%         2    ###....
 Swiftness                Chrm/Air       #.......     99%         2    ###....
 Fulminant Prism          Conj/Hex       #.........   99%         4    #####..
 Conjure Flame            Conj/Fire      #.......     100%        3    ####...
 Ignite Poison            Fire/Tmut/Pois #.......     100%        3    ####...
 Mephitic Cloud           Conj/Pois/Air  #.......     100%        3    ####...
 Ozocubu's Armour         Chrm/Ice       #.......     100%        3    ####...
 Recall                   Summ/Tloc      N/A          100%        3    ####...
 Regeneration             Chrm/Necr      #.........   100%        3    ####...
 Static Discharge         Conj/Air       #.......     100%        3    ####...
 Vampiric Draining        Necr           #.........   100%        3    ####...
 Airstrike                Air            #.........   100%        4    #####..
 Animate Dead             Necr           N/A          100%        4    #####..
 Hailstorm                Conj/Ice       #.......     100%        4    #####..
 Ice Form                 Ice/Tmut       #.......     100%        4    #####..
 Iskenderun's Mystic Bla  Conj/Tloc      #.......     100%        4    #####..
 Olgreb's Toxic Radiance  Pois           #.......     100%        4    #####..
 Petrify                  Tmut/Erth      #.......     100%        4    #####..
 Summon Ice Beast         Ice/Summ       #.......     100%        4    #####..
 Summon Lightning Spire   Summ/Air       #.......     100%        4    #####..
 Agony                    Necr           #.......     100%        5    ######.
 Bolt of Magma            Conj/Fire/Erth #.........   100%        5    ######.
 Borgnjor's Vile Clutch   Necr/Erth      #.........   100%        5    ######.
 Dispel Undead            Necr           #.......     100%        5    ######.
 Excruciating Wounds      Chrm/Necr      #.........   100%        5    ######.
 Lightning Bolt           Conj/Air       #.........   100%        5    ######.
 Metabolic Englaciation   Hex/Ice        #.........   100%        5    ######.
 Silence                  Hex/Air        #.........   100%        5    ######.
 Yara's Violent Unravell  Hex/Tmut       #.........   100%        5    ######.
 Conjure Ball Lightning   Conj/Air       #.........   100%        6    #######
 Death Channel            Necr           #.........   100%        6    #######
 Deflect Missiles         Chrm/Air       #.........   100%        6    #######
 Freezing Cloud           Conj/Ice/Air   #.........   100%        6    #######
 Iron Shot                Conj/Erth      #.........   100%        6    #######
 Ozocubu's Refrigeration  Ice            #.........   100%        6    #######
 Simulacrum               Ice/Necr       #.........   100%        6    #######
 Ring of Flames           Chrm/Fire      #.........   100%        7    #######
 Discord                  Hex            ##........   100%        8    #######
 Tornado                  Air            #.........   100%        9    #######
 Sublimation of Blood     Necr           Unusable     N/A         2    N/A

Dungeon Overview and Level Annotations

Branches:
Dungeon (15/15)            Temple (1/1) D:5            Lair (6/6) D:8
  Swamp (4/4) Lair:2        Snake (4/4) Lair:2        Slime (0/5) Lair:6
    Orc (2/2) D:11            Elf (3/3) Orc:2        Vaults (5/5) D:13
  Crypt (3/3) Vaults:3       Tomb (2/3) Crypt:3      Depths (0/5) D:15
Ossuary (visited)         Volcano (visited)

Altars:
Ashenzari
Cheibriados
Dithmenos
Elyvilon
Fedhas
Gozag
Hepliaklqana
Kikubaaqudgha
Makhleb
Nemelex Xobeh
Okawaru
Qazlal
Ru
Sif Muna
Trog
Uskayaw
Vehumet
Wu Jian
Xom
Yredelemnul
Zin
The Shining One
Jiyva

Shops:
D:14 }   Orc:2 ?:*%   Snake:1 }}=   Snake:2 *   Vaults:2 (   Vaults:5 =(*=*?!!

Portals:
Hell: Lair:6


Innate Abilities, Weirdness & Mutations

You are resistant to torment.
Your stone body is resilient. (AC +19)
You are immune to poison.
Your large and strong wings let you fly indefinitely.
You resist negative energy. (rN+)
You are resistant to electric shocks. (rElec)
You can survive without breathing.
You are immune to petrification.
You are immune to rotting.


Message History

Something smites you!
* * * LOW HITPOINT WARNING * * *
The death scarab bites you but does no damage.
You block the emperor scorpion's attack. x2
The emperor scorpion completely misses you.
The emperor scorpion stings you but does no damage.
The emperor scorpion barely misses you.
You block the emperor scorpion's attack.
The emperor scorpion stings you but does no damage.
The emperor scorpion barely misses you.
The emperor scorpion closely misses you.
You block the emperor scorpion's attack.
The emperor scorpion misses you. x2
You carve the greater mummy like a ham!!!
The greater mummy is almost destroyed.
The death scarab bites you but does no damage.
The ancient champion misses you. You block the bennu's attack. x3
The greater mummy casts a spell at you. Something smites you!
You die... **#.........,,, , ,, **, * # ,* #....M...........:, , * ,#. #.................,,* *, #..###s.............M.. * ,,** {#...<.s....M........... , ,,, ,#..L.......ZMMWZ.M..... ,,,,,,*, #...ssb..#.WzMzszs...#.,, , *#..sszM..MMzMsbssM..... , ,,,, #..s..s.sMMzsbs@sM....^ ,,,,,,*, #M...ZM.ZWLzMzzMs8.....

,, *
#...%....#MWzMs4ZM...#.,
, , *,
^'......(..MMMMMMMV.....,
, , ,
.#..........4ZsMs4.....^
,, *,
#..###.......ZZ4Z.....^,
* ,* #..
#......Z..Z......., * ,*
,* * #.................{
* , ,
#.............,,{,,,**


You could see 4 greater mummies, 7 emperor scorpions, a lich, 2 bennus, an
ancient champion, 4 mummy priests, 2 skeletal warriors, a jiangshi, a shadow
wraith (invisible), a phantasmal warrior, 5 guardian mummies, an ushabti, 2 ice
devils, a rust devil, a freezing wraith, a spectral ogre, a spectral stone
giant, a hungry ghost, a chaos spawn, 6 death scarabs, 5 flying skulls, 14
mummies, a wight, a gelid demonspawn simulacrum, a golden dragon zombie, an
infernal demonspawn zombie, 2 anaconda skeletons, a golden dragon skeleton, a
snapping turtle skeleton and a yellow draconian skeleton.

Vanquished Creatures
  2 ancient liches
  Mennas (Tomb:1)
  2 greater mummies (Tomb:1)
  Saint Roka (Vaults:3)
  Vashnia (Snake:2)
  3 golden dragons
  The ghost of Tovvajec the Executioner, an adept HOBe of Trog (Vaults:1)
  Rupert (Lair:4)
  3 tentacled monstrosities
  3 quicksilver dragons
  3 deep elf master archers (Elf:3)
  Asterion (Vaults:3)
  3 deep elf blademasters (Elf:3)
  2 titans (Vaults:4)
  10 sphinxes
  7 liches
  3 thorn hunters
  5 ancient champions
  A shadow dragon (Vaults:4)
  Kirke (Snake:4)
  3 tengu reavers (Vaults:4)
  Gastronok (D:8)
  3 storm dragons
  Donald (Elf:3)
  11 nagarajas
  2 fire giants
  7 frost giants
  2 azure jellies (Lair:6)
  The ghost of trivialoptimal the Carver, a journeyman HuHu of Okawaru (D:15)
  8 deep elf sorcerers
  Aizul (Snake:4)
  17 vault wardens
  3 reapers (Crypt:3)
  5 deep elf elementalists
  4 curse skulls
  7 ghouls
  2 war gargoyles (Vaults:4)
  3 very ugly things
  4 deep elf demonologists (Elf:3)
  15 ironheart preservers
  10 stone giants
  An entropy weaver (Vaults:4)
  Azrael (Orc:1)
  A bennu (Tomb:2)
  Nessos (Orc:2)
  A vampire knight (Crypt:2)
  3 dire elephants
  8 deep elf annihilators
  7 ettins
  3 mummy priests
  6 eidola
  3 jiangshi
  6 deep elf death magi
  14 yaktaur captains
  2 quicksilver dragon zombies (Crypt:3)
  Erolcha (D:9)
  4 deep elf high priests
  24 hydras
  35 vault guards
  Harold (D:8)
  3 great orbs of eyes
  21 naga warriors
  A quicksilver dragon skeleton (Crypt:2)
  2 rakshasas
  4 ice dragons
  9 anacondas
  A ghost crab (Swamp:2)
  12 ogre magi
  35 two-headed ogres
  5 death knights
  A shambling mangrove (Swamp:3)
  10 alligators
  28 dancing weapons
  9 centaur warriors
  A tengu warrior (D:15)
  9 death scarabs
  6 spriggan berserkers
  12 shock serpents
  A deep troll earth mage (Vaults:2)
  2 storm dragon zombies (Crypt:3)
  23 naga sharpshooters
  A sun demon (Lair:6)
  Sonja (D:13)
  15 skeletal warriors
  5 soul eaters (Crypt:3)
  23 deep elf knights
  37 slime creatures
  2 shadow wraiths
  A small abomination (Elf:3)
  A storm dragon skeleton (Crypt:3)
  A salamander mystic (Snake:2)
  3 unseen horrors
  A golden dragon zombie (Crypt:3)
  9 sea snakes (Snake:4)
  3 flayed ghosts
  A titan skeleton (Crypt:3)
  A glowing orange brain (Vaults:4)
  An unseen horror (shapeshifter) (Elf:2)
  An anaconda zombie (Crypt:3)
  2 spriggan druids (Swamp:4)
  An entropy weaver zombie (Vaults:2)
  18 swamp dragons
  16 deep elf archers
  5 naga ritualists
  2 wolf spider zombies (D:13)
  7 deep trolls
  An anaconda skeleton (Crypt:3)
  5 wizards
  Pikel (D:8)
  2 golden dragon skeletons (Crypt:3)
  A shadow dragon zombie (Crypt:3)
  16 orc knights
  14 phantasmal warriors
  A lindwurm (shapeshifter) (Vaults:5)
  7 wolf spiders
  An iron dragon zombie (Crypt:3)
  68 deep elf magi
  2 cyclopes
  12 ironbrand convokers
  4 harpies (Vaults:3)
  8 mana vipers
  14 necromancers
  4 orc sorcerers
  A salamander (shapeshifter) (Vaults:3)
  4 oklob plants (Lair:2)
  A mana viper (shapeshifter) (Vaults:3)
  A wolf spider (shapeshifter) (Vaults:5)
  A faun (shapeshifter) (Elf:1)
  A stone giant zombie (Tomb:1)
  3 manticores
  A fire giant skeleton (Crypt:3)
  13 salamanders
  A frost giant zombie (Crypt:3)
  53 ugly things
  A shadow dragon skeleton (Crypt:1)
  2 dire elephant zombies
  An elephant (Lair:6)
  2 iron dragon skeletons (Crypt:3)
  A frost giant skeleton (Vaults:1)
  11 vault sentinels
  15 naga magi
  7 guardian serpents
  2 gargoyles
  42 black mambas
  A shock serpent zombie (Crypt:3)
  An elephant slug zombie (Crypt:1)
  2 molten gargoyles (Volcano)
  A titan simulacrum (Crypt:1)
  A guardian serpent (shapeshifter) (Vaults:1)
  An eye of devastation (D:11)
  3 human skeletons
  3 centaur skeletons
  2 orange demons
  19 spiny frogs
  A smoke demon (Lair:6)
  A stone giant skeleton (Crypt:3)
  A death yak zombie (Crypt:2)
  2 rime drakes (Lair:6)
  A komodo dragon (shapeshifter) (Vaults:4)
  34 yaktaurs
  11 komodo dragons
  2 tengu conjurers
  15 freezing wraiths
  A catoblepas zombie (Crypt:3)
  3 ice devils (Lair:6)
  2 red devils (Lair:6)
  3 efreet
  13 hellwings (Crypt:3)
  2 swamp worm zombies (Crypt:1)
  A harpy zombie (Crypt:3)
  A yaktaur skeleton (Vaults:1)
  8 trolls
  A jumping spider (shapeshifter) (D:15)
  10 hornets
  3 jumping spiders (Crypt:3)
  10 tyrant leeches
  10 guardian mummies
  2 hydra zombies (Crypt:3)
  A queen bee (shapeshifter) (Vaults:2)
  13 blink frogs
  A tarantella zombie (Crypt:1)
  9 bog bodies
  3 ettin zombies
  A human simulacrum (Vaults:2)
  4 dream sheep (Lair:5)
  7 hippogriffs
  2 stone giant simulacra
  7 air elementals
  A snapping turtle (shapeshifter) (Vaults:4)
  20 flying skulls
  2 fire dragon skeletons (Crypt:3)
  6 spriggans
  A meliai zombie (Crypt:2)
  A water elemental (Elf:1)
  12 wraiths
  A shadow (Crypt:1)
  A black mamba zombie (Crypt:3)
  8 redbacks
  5 ushabtiu
  Sigmund (D:3)
  2 ettin skeletons (Crypt:3)
  10 fire elementals
  A vampire (D:14)
  A human (D:13)
  55 yaks
  A hog (Snake:4)
  Grum (D:10)
  2 fire bats (Volcano)
  4 basilisks
  18 vampire mosquitoes
  A steam dragon (Lair:2)
  14 swamp worms
  19 insubstantial wisps
  8 wargs
  8 water moccasins
  78 nagas
  An acid dragon (shapeshifter) (Vaults:3)
  A soldier ant (D:15)
  2 floating eyes (Elf:1)
  5 hell hounds
  2 acid dragons
  7 porcupines
  4 slaves (D:8)
  11 swamp drakes
  6 sky beasts
  3 black bears
  59 orc warriors
  4 ice beasts
  An ogre (shapeshifter) (D:15)
  2 eyes of draining
  4 phantoms
  7 necrophages
  An elephant zombie (Crypt:1)
  38 ogres
  A swamp dragon skeleton (Crypt:3)
  19 centaurs
  2 snapping turtle skeletons (Crypt:3)
  32 wolves
  11 crocodiles
  2 big kobolds
  3 elf zombies (Ossuary)
  20 bullfrogs
  5 earth elementals
  A fire crab zombie (Crypt:1)
  4 scorpions
  8 wyvern skeletons
  A manticore simulacrum (Crypt:1)
  6 killer bees (D:7)
  A wight (Vaults:3)
  3 howler monkeys
  3 electric eels
  5 lava snakes
  8 crimson imps
  6 centaur zombies
  4 bullfrog zombies
  2 human zombies
  10 hounds
  27 orc wizards
  2 bullfrog skeletons
  13 orc priests
  2 jellies
  3 quasits
  9 iron imps (D:14)
  A demonspawn skeleton (Crypt:1)
  Jessica (D:3)
  4 iguanas
  6 hell rats (Lair:4)
  14 worker ants
  A big kobold zombie (Crypt:2)
  A tengu zombie (Crypt:3)
  A hound skeleton (D:5)
  19 mummies
  A worker ant zombie (D:6)
  4 gnolls
  22 adders
  4 shadow imps
  An ooze (D:2)
  4 adder zombies
  2 worms
  7 leopard geckos
  142 orcs
  6 bats
  4 giant cockroaches
  2 gnoll zombies (Ossuary)
  4 goblins
  11 hobgoblins
  23 jackals
  21 kobolds
  6 quokkas
  2 ball pythons
  A dart slug zombie (Crypt:2)
  4 frilled lizards
  A frilled lizard zombie (Crypt:2)
  A gnoll skeleton (Crypt:1)
  5 goblin zombies
  8 hobgoblin zombies (Ossuary)
  2 jackal zombies (Ossuary)
  5 kobold zombies
  A leopard gecko zombie (D:5)
  An orc skeleton (Tomb:1)
  5 orc zombies
  A quokka zombie (Ossuary)
  9 rats
  A rat zombie (Ossuary)
  2 briar patches
  3 plants (Lair:4)
  2 withered plants (Crypt:3)
2203 creatures vanquished.

Vanquished Creatures (others)
  A sphinx (Vaults:3)
  A deep elf archer (Elf:2)
  A deep elf mage (Vaults:5)
  A guardian serpent (Snake:4)
  3 humans (Snake:4)
  2 nagas (Snake:4)
  A swamp drake (Swamp:3)
  A centaur (Orc:2)
  An orc wizard (D:10)
  A mummy (Tomb:2)
  3 orcs
  3 briar patches (Swamp:4)
  3 fungi (Lair:4)
  4 plants
  2 withered plants (Crypt:3)
28 creatures vanquished.

Grand Total: 2231 creatures vanquished

Notes
Turn   | Place    | Note
-------+----------+-------------------------------------------
     0 | D:1      | Borgoz the Gargoyle Fighter began the quest for the Orb.
     0 | D:1      | Reached XP level 1. HP: 14/14 MP: 1/1
   182 | D:1      | Reached XP level 2. HP: 17/19 MP: 2/2
   483 | D:1      | Reached XP level 3. HP: 24/24 MP: 3/3
   853 | D:2      | Reached XP level 4. HP: 29/29 MP: 4/4
  1494 | D:3      | Noticed Jessica
  1503 | D:3      | Killed Jessica
  1503 | D:3      | Reached XP level 5. HP: 29/33 MP: 5/5
  1514 | D:3      | Reached skill level 1 in Dodging
  1567 | D:3      | Found a shimmering blue altar of Sif Muna.
  1567 | D:3      | Found a glowing golden altar of the Shining One.
  1616 | D:3      | Noticed Sigmund
  1651 | D:3      | Killed Sigmund
  1651 | D:3      | Reached XP level 6. HP: 23/39 MP: 6/6
  2639 | D:4      | Reached skill level 5 in Armour
  2668 | D:4      | Reached XP level 7. HP: 42/44 MP: 7/7
  2744 | D:4      | Reached skill level 5 in Fighting
  3037 | D:4      | Found a radiant altar of Vehumet.
  3052 | D:4      | Reached skill level 5 in Long Blades
  3211 | D:4      | Reached XP level 8. HP: 44/50 MP: 8/8
  3405 | D:5      | Entered Level 5 of the Dungeon
  3856 | D:5      | Found a staircase to the Ecumenical Temple.
  3896 | Temple   | Entered the Ecumenical Temple
  4033 | Temple   | Became a worshipper of Ashenzari the Shackled
  4630 | D:6      | Reached XP level 9. HP: 51/56 MP: 9/9
  4825 | D:6      | Found a blossoming altar of Fedhas.
  4829 | D:6      | Got the uncursed pair of gloves of the Hunter {rElec Str+5
                  | Int+3}
  4835 | D:6      | Identified the +3 pair of gloves of the Hunter {rElec Str+5
                  | Int+3} (You found it on level 6 of the Dungeon)
  5218 | D:7      | Found a sparkling altar of Nemelex Xobeh.
  5422 | D:7      | Found a sand-covered staircase.
  5429 | Ossuary  | Entered an ossuary
  5560 | Ossuary  | Reached * piety under Ashenzari
  5972 | D:7      | Reached XP level 10. HP: 45/63 MP: 2/10
  6445 | D:8      | Reached skill level 5 in Dodging
  6595 | D:8      | Noticed Harold
  6619 | D:8      | Killed Harold
  6628 | D:8      | Found a staircase to the Lair.
  6674 | D:8      | Noticed Gastronok
  6698 | D:8      | Killed Gastronok
  6830 | D:8      | Noticed Pikel
  6885 | D:8      | Killed Pikel
  6885 | D:8      | Reached XP level 11. HP: 65/69 MP: 11/11
  7123 | D:8      | Found an ancient bone altar of Kikubaaqudgha.
  7339 | D:8      | Got the dagger of Eternal Vigilance {antimagic, rC+}
  7340 | D:8      | Identified the +7 dagger of Eternal Vigilance {antimagic,
                  | rC+} (You found it on level 8 of the Dungeon)
  7886 | D:9      | Noticed Erolcha
  7945 | D:9      | Reached skill level 10 in Long Blades
  8170 | D:9      | Killed Erolcha
  8371 | D:9      | Reached skill level 1 in Stealth
  8526 | D:9      | Identified the ring of Brilliance {rPois Str+9 Int-2 Dex+6}
  8886 | D:10     | Entered Level 10 of the Dungeon
  9170 | D:10     | Killed an unseen horror
  9556 | D:10     | Noticed Grum
  9565 | D:10     | Killed Grum
  9632 | D:11     | Noticed a brown ugly thing
  9738 | D:11     | Killed a brown ugly thing
  9993 | D:10     | Reached XP level 12. HP: 41/77 MP: 7/12
 10350 | D:11     | Reached skill level 10 in Armour
 10388 | D:11     | Reached skill level 10 in Fighting
 10412 | D:11     | Found a transporter.
 10431 | D:11     | Reached ** piety under Ashenzari
 10664 | D:11     | Found a staircase to the Orcish Mines.
 10931 | D:11     | Found a transporter.
 11183 | D:12     | Noticed a death knight
 11205 | D:11     | Killed a death knight
 11438 | D:12     | Noticed a six-headed hydra
 11455 | D:12     | Killed a six-headed hydra
 11665 | D:12     | Found a burning altar of Makhleb.
 12051 | D:12     | Reached skill level 5 in Stealth
 12999 | D:13     | Reached skill level 1 in Spellcasting
 13279 | D:13     | Noticed a vault guard
 13280 | D:13     | Noticed a deep elf knight
 13347 | D:13     | Found a gate to the Vaults.
 13347 | D:13     | Noticed a vault guard
 13347 | D:13     | Noticed a vault guard
 13347 | D:13     | Noticed Sonja
 13347 | D:13     | Noticed a vault guard
 13510 | D:13     | Noticed a two-headed ogre
 13511 | D:13     | Noticed a centaur warrior
 13524 | D:13     | Killed a centaur warrior
 13526 | D:13     | Killed a two-headed ogre
 13526 | D:13     | Reached XP level 13. HP: 75/84 MP: 11/15
 13656 | D:13     | Identified Izouvob's Handbook of the Flying Glacier
 13701 | D:13     | Found a sacrificial altar of Ru.
 14036 | D:13     | Noticed a vault guard
 14055 | D:13     | Killed a vault guard
 14144 | D:13     | Killed a vault guard
 14276 | D:13     | Killed Sonja
 14453 | D:14     | Found Pecorhio's Gadget Boutique.
 14837 | D:14     | Found a burning altar of Makhleb.
 14849 | D:14     | Got the hand axe "Wasm" {antimagic, rPois rC++ MR-}
 15326 | D:15     | Entered Level 15 of the Dungeon
 15477 | D:15     | Gained mutation: Your large and strong wings let you fly
                  | indefinitely. [Gargoyle growth]
 15477 | D:15     | Reached XP level 14. HP: 62/90 MP: 15/20
 15672 | D:15     | Found a staircase to the Depths.
 15672 | D:15     | Noticed a dire elephant
 15687 | D:15     | Killed a dire elephant
 16311 | D:15     | Identified the +10 hand axe "Wasm" {antimagic, rPois rC++
                  | MR-} (You found it on level 14 of the Dungeon)
 16472 | D:15     | Reached skill level 5 in Spellcasting
 16619 | D:15     | Found a runed translucent door.
 16619 | D:15     | Found a shimmering altar of Xom.
 16619 | D:15     | Noticed trivialoptimal's ghost (journeyman HuHu)
 17314 | Lair:1   | Entered Level 1 of the Lair of Beasts
 17824 | Lair:1   | Reached *** piety under Ashenzari
 18416 | Lair:2   | Found a staircase to the Swamp.
 18428 | Lair:2   | Found a staircase to the Snake Pit.
 18586 | Lair:2   | Found the +3 pair of gauntlets of War {Slay+5}
 18965 | Lair:2   | Got the long sword "Zatsulag" {venom, rPois rC+++ MR+
                  | Dex+3}
 18966 | Lair:2   | Identified the +4 long sword "Zatsulag" {venom, rPois rC+++
                  | MR+ Dex+3} (You found it on level 2 of the Lair of Beasts)
 19971 | Lair:4   | Reached **** piety under Ashenzari
 20109 | Lair:4   | Noticed Rupert
 20125 | Lair:4   | Reached skill level 1 in Evocations
 20125 | Lair:4   | Reached XP level 15. HP: 67/97 MP: 15/22
 21402 | Lair:6   | Entered Level 6 of the Lair of Beasts
 21482 | Lair:6   | Found a dark tunnel.
 21489 | Volcano  | Entered a volcano
 21532 | Volcano  | Found a burning altar of Makhleb.
 21903 | Volcano  | Reached ***** piety under Ashenzari
 22303 | Lair:6   | Reached skill level 5 in Shields
 22476 | Lair:6   | Found a runed translucent door.
 22477 | Lair:6   | Found a viscous altar of Jiyva.
 22478 | Lair:6   | Noticed an azure jelly
 22479 | Lair:6   | Found a staircase to the Slime Pits.
 22479 | Lair:6   | Noticed an azure jelly
 22554 | Lair:6   | Reached skill level 10 in Dodging
 22586 | Lair:6   | Found a burning altar of Makhleb.
 22640 | Lair:6   | Found a gateway to Hell.
 22648 | Lair:6   | Found the +6 lightning scales {run, rElec}
 23317 | Lair:6   | Killed an azure jelly
 23317 | Lair:6   | Reached skill level 15 in Long Blades
 23325 | Lair:6   | Killed an azure jelly
 23501 | Lair:4   | Killed Rupert
 23704 | D:11     | Reached XP level 16. HP: 80/104 MP: 19/23
 23853 | Orc:1    | Entered Level 1 of the Orcish Mines
 24532 | Orc:2    | Entered Level 2 of the Orcish Mines
 24536 | Orc:2    | Noticed Azrael
 24743 | Orc:1    | Killed Azrael
 25164 | Orc:2    | Noticed Nessos
 25423 | Orc:2    | Killed Nessos
 25821 | Orc:2    | Found a staircase to the Elven Halls.
 26016 | Orc:2    | Found Didodea's Book Emporium.
 26016 | Orc:2    | Found Debrana's General Store.
 26016 | Orc:2    | Found Oteunged's Food Boutique.
 26019 | Orc:2    | Found Fystuoca's Magic Scroll Shoppe.
 26023 | Orc:2    | Bought a scroll of acquirement for 624 gold pieces
 26026 | Orc:2    | Bought a scroll of teleportation for 42 gold pieces
 26031 | Orc:2    | Bought a book of Cantrips for 320 gold pieces
 26033 | Orc:2    | Learned a level 1 spell: Confusing Touch
 26439 | Swamp:1  | Entered Level 1 of the Swamp
 26898 | Swamp:1  | Reached skill level 1 in Hexes
 27428 | Swamp:2  | Got the uncursed leather armour of the Eternal Fruit {MR+
                  | Regen+}
 27682 | Swamp:2  | Reached skill level 5 in Evocations
 27702 | Swamp:2  | Noticed a thorn hunter
 27712 | Swamp:2  | Killed a thorn hunter
 27870 | Swamp:2  | Identified the +2 leather armour of the Eternal Fruit {MR+
                  | Regen+} (You found it on level 2 of the Swamp)
 28371 | Swamp:2  | Got the war axe of the Candelabrum {drain, Dex+4}
 28418 | Swamp:3  | Found a transporter.
 28828 | Swamp:3  | Found a transporter.
 29222 | Swamp:3  | Got the uncursed helmet of Alaluall {rN+ Int-4 Dex+8 SInv}
 29235 | Swamp:3  | Identified the +2 helmet of Alaluall {rN+ Int-4 Dex+8 SInv}
                  | (You found it on level 3 of the Swamp)
 29290 | Swamp:4  | Entered Level 4 of the Swamp
 29394 | Swamp:4  | Reached XP level 17. HP: 111/111 MP: 24/24
 30025 | Swamp:4  | Got a decaying rune of Zot
 30698 | D:15     | Killed trivialoptimal's ghost
 30967 | Lair:1   | Identified the +9 war axe of the Candelabrum {drain, Dex+4}
                  | (You found it on level 2 of the Swamp)
 31013 | Snake:1  | Entered Level 1 of the Snake Pit
 31574 | Snake:1  | Reached skill level 15 in Armour
 31723 | Snake:1  | Found Aloani's Jewellery Shoppe.
 31723 | Snake:1  | Found Egelin's Gadget Boutique.
 31724 | Snake:1  | Found Depoc's Gadget Boutique.
 31743 | Snake:1  | Bought the amulet "Kaemiom" {+Rage rPois MR+ Str+9 Slay+2}
                  | for 1597 gold pieces
 31887 | Snake:2  | Reached skill level 15 in Fighting
 31947 | Snake:2  | Reached XP level 18. HP: 97/119 MP: 25/25
 32180 | Snake:2  | Reached ****** piety under Ashenzari
 32208 | Snake:2  | Found Afor Fao's Assorted Antiques.
 32344 | Snake:2  | Noticed Vashnia
 32436 | Snake:2  | Killed Vashnia
 33511 | Snake:2  | Got the cursed robe of Mumblety Peg {*Corrode Regen+ Str-2
                  | Dex+7}
 33597 | Snake:2  | Reached skill level 5 in Hexes
 34673 | Snake:3  | Found an opulent altar of Gozag.
 34929 | Snake:4  | Entered Level 4 of the Snake Pit
 35139 | Snake:4  | Noticed Aizul
 35158 | Snake:4  | Killed Aizul
 35158 | Snake:4  | Reached XP level 19. HP: 122/125 MP: 26/26
 35526 | Snake:4  | Noticed Kirke
 35546 | Snake:4  | Killed Kirke
 36589 | Snake:4  | Got a serpentine rune of Zot
 36979 | Elf:1    | Entered Level 1 of the Elven Halls
 37328 | Elf:1    | Paralysed by a floating eye for 3 turns
 37337 | Elf:1    | Paralysed by a floating eye for 2 turns
 37360 | Elf:1    | Paralysed by a floating eye for 2 turns
 37768 | Elf:2    | Reached XP level 20. HP: 104/132 MP: 27/27
 38392 | Elf:2    | Found a runed translucent gate.
 38392 | Elf:2    | Found a runed translucent gate.
 38392 | Elf:2    | Found a runed translucent gate.
 38639 | Elf:2    | Found a bloodstained altar of Trog.
 39333 | Elf:3    | Entered Level 3 of the Elven Halls
 39992 | Elf:3    | Learned a level 3 spell: Confuse
 40015 | Elf:3    | Identified the ring "Uvveymu" {+Inv rF- MR+ Stlth+}
 40026 | Elf:3    | Identified the amulet "Ypla Vukh" {RegenMP +Inv Str+2}
 40377 | Elf:3    | Identified the ring of Ruetooc {rElec rN+}
 40394 | Elf:3    | Identified the ring of the Ban {Dex+3 Slay-5 SInv Stlth+}
 40755 | Elf:3    | Identified the +1 rapier of Nemelex Xobeh's Whim {freeze,
                  | *Rage +Blink rElec Int+5}
 40755 | Elf:3    | Identified the +9 lajatang "Mulaqab" {flame, rElec rN+}
 41515 | Elf:3    | Noticed Donald
 41528 | Elf:3    | Killed Donald
 41578 | Elf:3    | Reached XP level 21. HP: 134/140 MP: 28/28
 42502 | Snake:2  | Bought a spiked plate armour for 980 gold pieces
 42863 | Vaults:1 | Entered Level 1 of the Vaults
 45048 | Vaults:1 | Found a runed translucent door.
 45048 | Vaults:1 | Noticed Tovvajec's ghost (adept HOBe)
 45049 | Vaults:1 | Found a sparkling altar of Nemelex Xobeh.
 45069 | Vaults:1 | Killed Tovvajec's ghost
 45082 | Vaults:1 | Identified the Grimoire of the Birds and Transformation
 46107 | Vaults:2 | Reached XP level 22. HP: 138/147 MP: 29/29
 46568 | Vaults:2 | Found a shadowy altar of Dithmenos.
 46660 | Vaults:2 | Got the uncursed ring mail of Citoufe {rElec rN++ rCorr
                  | Stlth-}
 46671 | Vaults:2 | Identified the +3 ring mail of Citoufe {rElec rN++ rCorr
                  | Stlth-} (You found it on level 2 of the Vaults)
 46739 | Vaults:2 | Found Pakou's Antique Weapon Shoppe.
 46910 | Vaults:3 | Noticed Saint Roka
 47195 | Vaults:3 | Killed Saint Roka
 48113 | Vaults:3 | Noticed Asterion
 48131 | Vaults:3 | Killed Asterion
 48333 | Vaults:3 | Reached skill level 15 in Dodging
 48729 | Vaults:3 | Found a staircase to the Crypt.
 49379 | Vaults:4 | Reached XP level 23. HP: 115/155 MP: 30/30
 50790 | Vaults:5 | Entered Level 5 of the Vaults
 52162 | Vaults:5 | Noticed an ancient lich
 52167 | Vaults:5 | Noticed a golden dragon
 52182 | Vaults:5 | Killed an ancient lich
 52182 | Vaults:5 | Reached skill level 10 in Hexes
 52186 | Vaults:5 | Killed a golden dragon
 52487 | Vaults:5 | Found Amirgh's Antique Weapon Shop.
 52487 | Vaults:5 | Found Obezunt's General Store.
 52487 | Vaults:5 | Noticed a golden dragon
 52535 | Vaults:4 | Killed a golden dragon
 52535 | Vaults:4 | Reached XP level 24. HP: 84/162 MP: 30/30
 53875 | Vaults:5 | Identified the ring "Moozink" {MR+++ AC+6 Str-3 SInv
                  | Stlth+}
 54490 | Vaults:5 | Found Myenoz's Jewellery Boutique.
 54529 | Vaults:5 | Found Gotoyfo's Magic Scroll Emporium.
 54533 | Vaults:5 | Bought a scroll of teleportation for 63 gold pieces
 54541 | Vaults:5 | Found Zunoedgh's Distillery.
 54545 | Vaults:5 | Bought a potion of might for 52 gold pieces
 54545 | Vaults:5 | Bought a potion of ambrosia for 104 gold pieces
 54545 | Vaults:5 | Bought a potion of might for 52 gold pieces
 54545 | Vaults:5 | Bought a potion of heal wounds for 65 gold pieces
 54545 | Vaults:5 | Bought a potion of haste for 130 gold pieces
 54626 | Vaults:5 | Found Jiluf's Distillery.
 54630 | Vaults:5 | Got a silver rune of Zot
 54638 | Vaults:5 | Bought a potion of heal wounds for 75 gold pieces
 54638 | Vaults:5 | Bought a potion of haste for 150 gold pieces
 54786 | Vaults:5 | Found Tunepett's Jewellery Emporium.
 54792 | Vaults:5 | Bought an uncursed ring of protection from fire for 350
                  | gold pieces
 54804 | Vaults:5 | Bought a potion of heal wounds for 95 gold pieces
 54947 | Vaults:5 | Found Plog's Assorted Antiques.
 54955 | Vaults:5 | Bought a scroll of remove curse for 102 gold pieces
 54955 | Vaults:5 | Bought a scroll of magic mapping for 119 gold pieces
 54955 | Vaults:5 | Bought a potion of invisibility for 272 gold pieces
 55324 | Lair:1   | Identified the cursed +1 robe of Mumblety Peg {*Corrode
                  | Regen+ Str-2 Dex+7} (You found it on level 2 of the Snake
                  | Pit)
 55324 | Lair:1   | Identified the cursed +0 plate armour of the Shore {rC+ rN+
                  | Slay-5} (You bought it in a shop on level 2 of the Snake
                  | Pit)
 55755 | Crypt:1  | Entered Level 1 of the Crypt
 58064 | Crypt:3  | Entered Level 3 of the Crypt
 58123 | Crypt:3  | Reached XP level 25. HP: 169/169 MP: 30/30
 58647 | Crypt:3  | Found a staircase to the Tomb.
 59007 | Crypt:3  | Identified the Guide on the Rocks and Sinister Rites
 59199 | Crypt:3  | Found an ancient bone altar of Kikubaaqudgha.
 59451 | Crypt:3  | Noticed an ancient lich
 59478 | Crypt:3  | Killed an ancient lich
 59492 | Crypt:3  | Identified Bylypsos's Catalogue of Hexes and Good Luck
 59496 | Crypt:3  | Got the broad axe "Borgoz's Death" {freeze, Str+2 Int+3
                  | Dex+4}
 59498 | Crypt:3  | Got the morningstar of Prudence {crush, Str+3 Int-4 Dex+6}
 60964 | Tomb:1   | Entered Level 1 of the Tomb of the Ancients
 61294 | Tomb:1   | Noticed Mennas
 61347 | Tomb:1   | Killed Mennas
 61745 | Tomb:1   | Noticed a greater mummy
 61751 | Tomb:1   | Noticed a greater mummy
 62422 | Tomb:1   | Killed a greater mummy
 62701 | Tomb:1   | Killed a greater mummy
 62990 | Tomb:2   | Noticed a greater mummy
 62990 | Tomb:2   | Noticed a greater mummy
 62996 | Tomb:2   | Noticed a greater mummy
 63041 | Tomb:2   | Noticed a greater mummy
 63368 | Tomb:2   | HP: 1/171 [greater mummy/divine providence (13)]
 63369 | Tomb:2   | Killed from afar by a greater mummy

Levels and vault maps discovered:
D:1:      minmay_arrival_shoal_huts, layout_rooms
D:2:      layout_loops_ring, chequers_serial_rivers_room_b
D:3:      minmay_bubble_buster, layout_basic,
          gammafunk_temple_overflow_elements, uniq_sigmund, uniq_jessica
D:4:      layout_basic, lemuel_coloured_pillars_altar, first_ration,
          kennysheep_generic_room_10
D:5:      layout_basic, minmay_temple_entry_nine_rooms
D:6:      layout_basic, lemuel_doored_altar
D:7:      layout_loops_ring, kennysheep_mini_moat, chequers_ossuary_entry_cave,
          st_stairs_5, grunt_ogre_cave
D:8:      layout_loops_corners, overflow_temple_1_default, dpeg_oklobed_lair,
          minmay_misc_feat_nine_boxes, uniq_pikel, uniq_harold, uniq_gastronok
D:9:      layout_cave_pools, grunt_ministairs_13, uniq_erolcha
D:10:     layout_roguey, uniq_grum
D:11:     gammafunk_jiyva_shrine, layout_long_grid, hiddenorc1_lemuel
D:12:     layout_long_grid, basic_altar, minmay_misc_feat_doors
D:13:     layout_loops_corners, grunt_vaults_entry_fortified,
          nicolae_ru_awakened_eye, uniq_sonja
D:14:     layout_gridville, serial_shops, kennysheep_mini, lemuel_hellish_altar
D:15:     hangedman_depths_entry_try_elsewhere_first, layout_loops_ring,
          ebering_ghost_xom, hangedman_decor_push
Temple:   nicolae_temple_elliptical
Lair:1:   layout_regular_city
Lair:2:   layout_regular_city, swamp_mist_pool, dummy_snake_entry,
          minmay_lair_oklob_chamber
Lair:3:   layout_regular_city
Lair:4:   layout_roguey, serial_bayou_lagoon_a, grunt_forest_large_clearings,
          uniq_rupert
Lair:5:   layout_regular_city, st_stairs_8
Lair:6:   evil_forest, layout_gridlike, slime_altar_2,
          nicolae_volcano_entry_s_turn
Swamp:1:  layout_basic_swamp, hangedman_swamp_ruin_wall, swamp_pool1
Swamp:2:  layout_basic_swamp, serial_swamp_ruin, evilmike_swamp_ruin_house_3,
          evilmike_swamp_ruin_rubble_1, evilmike_swamp_ruin_house_6,
          swamp_pool1, infiniplex_staircase_pool
Swamp:3:  gammafunk_the_bubble [the_bubble_gammafunk_split], layout_falls_marsh,
          evilmike_swamp_ruin_house_4
Swamp:4:  swamp_basic_johnstein, layout_basic_swamp, swamp_pool1,
          nicolae_swamp_dense_foliage
Snake:1:  layout_layer_cave, minmay_shop_grove, lemuel_fruit_tree
Snake:2:  layout_onion_interference, grunt_megastairs_2, minmay_shop_star,
          uniq_vashnia
Snake:3:  layout_concentric_octagons, basic_altar, nicolae_snake_lava_pool
Snake:4:  grunt_snake_rune_pools, layout_rooms, nrook_loot_triangle, uniq_kirke,
          uniq_aizul
Orc:1:    layout_caves, nooodl_orcs_dogs
Orc:2:    st_orc_rangers, layout_caves, uniq_azrael, uniq_nessos
Elf:1:    layout_geoelf_grid, hangedman_elf_represent, onia_ninara_cookie
Elf:2:    layout_geoelf_octagon, st_stairs_13, evilmike_spriggan_trog_shrine
Elf:3:    minmay_elf_hall_furrowed, layout_loops_corners,
          minmay_misc_feat_cross, solitary_fountain, uniq_donald
Vaults:1: ebering_vaults_ghost_inner_flame, v_pattern_1, grunt_vaults_diagonal,
          ontoclasm_vaults_loading_screen, v_misc_15,
          nicolae_vaults_shelves_hall, vaults_standard_mumra_x,
          nicolae_vaults_border_crossing, v_misc_15, v_misc_18,
          vaults_room_fours, vaults_room_pool, layout_vaults_omnicross,
          basic_altar
Vaults:2: v_misc_30, ontoclasm_vaults_ring_small, v_misc_16, v_alt_pattern_1,
          v_rooms_1, v_pattern_5, v_misc_12, vaults_mumra_lcd,
          nicolae_vaults_big_angled_halls, nicolae_vaults_little_squares_5,
          layout_vaults_omnibox, serial_shops, nicolae_shop_window_shopping,
          basic_altar
Vaults:3: nicolae_vaults_twisting_passages, nicolae_vaults_network_quinsquares
          [nicolae_vaults_network_quincunx_subvault,
          nicolae_vaults_network_quincunx_subvault,
          nicolae_vaults_network_quincunx_subvault,
          nicolae_vaults_network_quincunx_subvault], ontoclasm_vaults_gallery,
          minmay_crypt_entry_simple_corners, nicolae_vaults_diagonal_hallway_6,
          v_alt_pattern_4, ontoclasm_vaults_gateway, v_misc_31,
          ontoclasm_vaults_hangar, v_misc_10, ontoclasm_vaults_hangar,
          layout_vaults_ring, uniq_saint_roka, uniq_asterion
Vaults:4: v_rooms_4, vaults_standard_mumra_lines, hangedman_vaults_impose,
          v_misc_19, vaults_room_hallway, layout_vaults_quadrants
Vaults:5
Crypt:1:  layout_chaotic_city
Crypt:2:  layout_misc_corridors
Crypt:3:  evilmike_haunted_forest
Tomb:1:   uniq_mennas
Tomb:2

Skill      XL: |  1  2  3  4  5  6  7  8  9 10 11 12 13 14 15 16 17 18 19 20 21 22 23 24 25 |
---------------+----------------------------------------------------------------------------+-----
Long Blades    | 2 3 4 5 6 8 9 10 12 13 14 15 16 17 18 19 20 | 20.6
Armour         | 4 5 6 7 8 9 10 11 12 13 14 15 16 17 18 19 20 21 | 21.3
Fighting       | 4 5 6 7 8 9 10 11 12 13 14 15 16 17 18 19 20 21 | 21.3
Dodging        | 1 2 3 4 5 6 7 8 9 10 11 12 13 14 15 16 17 | 17.1
Stealth        | 3 5 |  5.0
Spellcasting   | 1 4 5 |  5.0
Evocations     | 1 4 5 6 7 8 9 |  9.1
Shields        | 5 7 |  7.2
Hexes          | 2 4 5 6 7 8 9 10 | 10.0

Action                   |  1- 3 |  4- 6 |  7- 9 | 10-12 | 13-15 | 16-18 | 19-21 | 22-24 | 25-27 || total
-------------------------+-------+-------+-------+-------+-------+-------+-------+-------+-------++-------
Melee: Long sword        |   153 |   230 |   665 |   582 |   517 |  1745 |  1746 |  1800 |   929 ||  8367
       Dagger            |       |       |       |   215 |       |       |       |       |       ||   215
       Great sword       |       |       |       |   139 |   503 |       |       |       |       ||   642
       Scimitar          |       |       |       |       |    41 |    54 |       |       |       ||    95
Throw: Throwing net      |       |       |       |     7 |     3 |       |       |       |       ||    10
Invok: Curse Item        |       |       |       |       |       |     2 |     2 |     1 |       ||     5
 Abil: Fly               |       |       |       |       |     1 |       |       |       |       ||     1
       Evoke Berserk Rag |       |       |       |       |       |     1 |     2 |     5 |     2 ||    10
Evoke: Wand              |       |       |       |    11 |     6 |     3 |    11 |     1 |     1 ||    33
  Use: Potion            |       |     2 |     3 |     1 |     9 |     1 |     1 |     1 |     1 ||    19
       Scroll            |       |    10 |     4 |    12 |     9 |     5 |     9 |    10 |     5 ||    64
 Stab: Held in net/web   |       |       |       |     6 |       |       |       |       |       ||     6
       Sleeping          |       |       |       |       |    15 |    10 |       |       |       ||    25
       Distracted        |       |       |       |       |     3 |     1 |       |       |       ||     4
       Confused          |       |       |       |       |       |     4 |       |       |       ||     4
       Fleeing           |       |       |       |       |       |     1 |       |       |       ||     1
       Petrifying        |       |       |       |       |       |       |     1 |       |       ||     1
       Paralysed         |       |       |       |       |       |       |     9 |       |       ||     9
       Invisible         |       |       |       |       |       |       |       |     7 |       ||     7
  Eat: Chunk             |       |     7 |    12 |    24 |    32 |    28 |    28 |    30 |     6 ||   167
       Ration            |       |       |       |       |     1 |     4 |     3 |     5 |     5 ||    18
Armor: Scale mail        |    95 |   165 |   406 |   467 |   257 |       |       |       |       ||  1390
       Ring mail         |       |       |       |       |   263 |   203 |       |       |       ||   466
       Leather armour    |       |       |       |       |       |   318 |       |       |       ||   318
       Chain mail        |       |       |       |       |       |   226 |   365 |       |       ||   591
       Plate armour      |       |       |       |       |       |       |   288 |   543 |       ||   831
       Gold dragon scale |       |       |       |       |       |       |       |   491 |   482 ||   973
Dodge: Dodged            |    55 |    88 |   252 |   460 |   791 |  1718 |  1129 |  1721 |   717 ||  6931
Block: Shield            |    84 |   124 |   354 |   413 |       |       |       |   205 |   780 ||  1960
       Buckler           |       |       |       |       |   139 |   894 |   460 |       |       ||  1493
       Rpst.: Long sword |    22 |    22 |    86 |    73 |    92 |   299 |   283 |   364 |   162 ||  1403
       Great sword       |       |       |       |    32 |   109 |       |       |       |       ||   141
       Scimitar          |       |       |       |       |     4 |    13 |       |       |       ||    17

Table legend:
 A = Non-vault XP
 B = Vault XP
 C = Vault XP percentage of total XP
 D = Non-vault monster count
 E = Vault monster count
 F = Vault count percentage of total count
                 A         B        C        D         E       F
            +---------+---------+-------+---------+---------+-------
      Total |  506263 |  586608 |  53.7 |    1362 |     835 |  38.0
            +---------+---------+-------+---------+---------+-------
        D:1 |      36 |       0 |   0.0 |      21 |       0 |   0.0
        D:2 |     104 |       0 |   0.0 |      31 |       0 |   0.0
        D:3 |     118 |     300 |  71.8 |      23 |      16 |  41.0
        D:4 |     664 |       0 |   0.0 |      37 |       0 |   0.0
        D:5 |     757 |       0 |   0.0 |      21 |       0 |   0.0
        D:6 |     555 |       0 |   0.0 |      18 |       0 |   0.0
        D:7 |    1777 |     215 |  10.8 |      35 |       2 |   5.4
        D:8 |    1331 |    3662 |  73.3 |      36 |       4 |  10.0
        D:9 |    2974 |    1062 |  26.3 |      29 |       2 |   6.5
       D:10 |    3247 |     654 |  16.8 |      26 |       5 |  16.1
       D:11 |    3193 |     912 |  22.2 |      27 |      19 |  41.3
       D:12 |    5631 |       0 |   0.0 |      30 |       0 |   0.0
       D:13 |   10102 |    8444 |  45.5 |      27 |      11 |  28.9
       D:14 |    5123 |     792 |  13.4 |      15 |      10 |  40.0
       D:15 |   20494 |    5829 |  22.1 |      45 |       6 |  11.8
     Lair:1 |    4659 |       0 |   0.0 |      25 |       0 |   0.0
     Lair:2 |    3105 |    2818 |  47.6 |      13 |       6 |  31.6
     Lair:3 |    1871 |       0 |   0.0 |       6 |       0 |   0.0
     Lair:4 |    4152 |    5988 |  59.1 |      20 |      26 |  56.5
     Lair:5 |    8486 |       0 |   0.0 |      28 |       0 |   0.0
     Lair:6 |    5065 |   16354 |  76.4 |      20 |      28 |  58.3
    Swamp:1 |   10715 |       0 |   0.0 |      30 |       0 |   0.0
    Swamp:2 |   12339 |       0 |   0.0 |      28 |       0 |   0.0
    Swamp:3 |    7810 |    4956 |  38.8 |      20 |      12 |  37.5
    Swamp:4 |   14588 |   23547 |  61.7 |      42 |      34 |  44.7
    Snake:1 |   20010 |       0 |   0.0 |      42 |       0 |   0.0
    Snake:2 |   33727 |    9624 |  22.2 |      52 |       8 |  13.3
    Snake:3 |   18638 |    2407 |  11.4 |      49 |       6 |  10.9
    Snake:4 |   23693 |   42135 |  64.0 |      43 |      60 |  58.3
      Orc:1 |    2382 |    5230 |  68.7 |      43 |      26 |  37.7
      Orc:2 |    1509 |    5404 |  78.2 |      19 |      32 |  62.7
      Elf:1 |   11188 |   16236 |  59.2 |      20 |      27 |  57.4
      Elf:2 |   12331 |   27053 |  68.7 |      21 |      35 |  62.5
      Elf:3 |   19235 |   44084 |  69.6 |      30 |      28 |  48.3
   Vaults:1 |   44590 |   25671 |  36.5 |      77 |      44 |  36.4
   Vaults:2 |   17584 |   17673 |  50.1 |      33 |      33 |  50.0
   Vaults:3 |   40765 |   36898 |  47.5 |      61 |      38 |  38.4
   Vaults:4 |   53809 |   80060 |  59.8 |      85 |      69 |  44.8
   Vaults:5 |   16299 |   67012 |  80.4 |      24 |      38 |  61.3
    Crypt:1 |   18415 |       0 |   0.0 |      31 |       0 |   0.0
    Crypt:2 |   36236 |       0 |   0.0 |      47 |       0 |   0.0
    Crypt:3 |       0 |   72969 | 100.0 |       0 |     119 | 100.0
     Tomb:1 |    5306 |   47621 |  90.0 |      26 |      33 |  55.9
     Tomb:2 |    1650 |    6544 |  79.9 |       6 |       7 |  53.8
    Ossuary |       0 |     485 | 100.0 |       0 |      37 | 100.0
    Volcano |       0 |    3969 | 100.0 |       0 |      14 | 100.0
            +---------+---------+-------+---------+---------+-------
